 Dungeon Crawl Stone Soup version 0.26.0-20-g3ca415f5b8 (webtiles) character file.

Game seed: 3163772562919716165

26 kaeus the Insei (level 3, -6/23 HPs)
             Began as an Octopode Transmuter on Jan 25, 2021.
             Mangled by a worm (11 damage)
             ... on level 2 of the Dungeon.
             The game lasted 00:00:56 (1108 turns).

kaeus the Insei (Octopode Transmuter)               Turns: 1108, Time: 00:00:57

Health: -6/23      AC:  1    Str:  9    XL:     3   Next: 8%
Magic:  5/6        EV: 13    Int: 15    God:
Gold:   88         SH:  0    Dex: 13    Spells: 5/6 levels left

rFire    . . .     SeeInvis .     - Unarmed
rCold    . . .     Faith    .   (no shield)
rNeg     . . .     Spirit   .   (helmet restricted)
rPois    .         Reflect  .   (no amulet)
rElec    .         Harm     .   (no ring)
rCorr    .         Rampage  .   (no ring)
Will     .....                  (no ring)
Stlth    +++.......             (no ring)
HPRegen  0.07/turn              (no ring)
MPRegen  0.10/turn              (no ring)
                                (no ring)
                                (no ring)

@: very slightly contaminated
A: almost no armour, stealthy swim, amphibious, 8 rings, constrict 8, camouflage
1, gelatinous body 1
a: no special abilities


You were on level 2 of the Dungeon.
You visited 1 branch of the dungeon, and saw 2 of its levels.

You collected 88 gold pieces.

Inventory:

Scrolls
 a - 2 scrolls of remove curse {unknown}
 b - a scroll of blinking {unknown}
 e - a scroll of teleportation {unknown}
 g - 2 scrolls of enchant armour {unknown}
 k - a scroll of identify {unknown}
 l - a scroll of noise {unknown}
Potions
 c - a potion of degeneration {unknown}
 d - 2 potions of curing {unknown}
 f - a potion of cancellation {unknown}
 h - a potion of attraction {unknown}
 i - a potion of might {unknown}
 j - a potion of haste {unknown}
 m - a potion of brilliance {unknown}


   Skills:
 + Level 1.2 Fighting
 + Level 2.2 Dodging
 * Level 2.0 Stealth
 + Level 3.1 Unarmed Combat
 + Level 2.2 Spellcasting
 + Level 2.2 Transmutations


You had 5 spell levels left.
You knew the following spells:

 Your Spells              Type           Power        Failure   Level
a - Beastly Appendage     Tmut           16%          9%          1

Your spell library contained the following spells:

 Spells                   Type           Power        Failure   Level
 Wereblood                Tmut           8%           13%         2
 Spider Form              Tmut/Pois      2%           38%         3
 Ice Form                 Ice/Tmut       5%           80%         4
 Blade Hands              Tmut           4%           94%         5


Dungeon Overview and Level Annotations

Branches:
Dungeon (2/15)

Altars:


Innate Abilities, Weirdness & Mutations

You cannot wear most types of armour.
You are very stealthy in the water. (Stealth+)
You are amphibious.
You can wear up to eight rings at the same time.
You can use your tentacles to constrict eight enemies at once.
Your skin changes colour to match your surroundings (Stealth+).
Your rubbery body absorbs attacks. (AC +1, EV +1)


Message History

You constrict the worm. The worm bites you.
You take 6 damage, and have 12/23 hp.
MASSIVE DAMAGE!!
You tentacle-slap the worm.
The worm is moderately wounded.
You constrict the worm, but do no damage.
You barely miss the worm. You squeeze the worm, but do no damage.
The worm is moderately wounded.
You constrict the worm. The worm bites you!
* * * LOW HITPOINT WARNING * * *
You take 8 damage, and have 4/23 hp.
MASSIVE DAMAGE!!
You are too injured to fight recklessly!
You are too injured to fight recklessly!
You are too injured to fight recklessly!
You tentacle-slap the worm.
The worm is heavily wounded.
You constrict the worm. You tentacle-slap the worm.
The worm is almost dead.
You constrict the worm. The rat closely misses you. The worm bites you!
You die...

##### ## ...... .#### ...
#.....###...####....
#.....r......[?......
#.....w@..)..........
#....................
#..................#
...........>...$........###
#.................†........#♣
#............###............♣♣
#.........#..##..............♣
.........+..##...............
#.......#..##...............


You could see a worm and a rat.

Vanquished Creatures
  A leopard gecko (D:2)
  A ball python (D:1)
  3 giant cockroaches (D:2)
  5 goblins
  2 hobgoblins (D:1)
  3 kobolds
  A quokka (D:2)
  3 bats
  A frilled lizard (D:2)
  A rat (D:2)
21 creatures vanquished.

Notes
Turn   | Place    | Note
-------+----------+-------------------------------------------
     0 | D:1      | kaeus the Octopode Transmuter began the quest for the Orb.
     0 | D:1      | Reached XP level 1. HP: 13/13 MP: 3/3
   358 | D:1      | Reached skill level 1 in Stealth
   358 | D:1      | Reached XP level 2. HP: 18/18 MP: 5/5
  1091 | D:2      | Reached XP level 3. HP: 20/23 MP: 4/6
  1108 | D:2      | Mangled by a worm

Illustrated notes

Levels and vault maps discovered:
D:1:      sevenhm_arrival_forest_fort_small_5, layout_loops_ring
D:2:      minmay_angry_zag, layout_basic, serial_forest,
          infiniplex_forest_clump_small, infiniplex_forest_clump_tiny,
          infiniplex_forest_lined_room_, infiniplex_forest_end_2,
          infiniplex_forest_corner_1, small_statue_intersection,
          nicolae_ashenzari_panopticon, uniq_robin

Skill      XL: |  1  2  3 |
---------------+----------+-----
Stealth        | 1 2 |  2.0
Fighting       | |  1.2
Dodging        | |  2.2
Unarmed Combat | |  3.1
Spellcasting   | |  2.2
Transmutations | |  2.2

Action                   || total
-------------------------++-------
Melee: Unarmed           ||    47
       Constrict         ||    12
       Tentacles         ||     9
       Kick              ||     4
 Cast: Beastly Appendage ||    14
 Stab: Sleeping          ||     3
Armor: Skin              ||     2
Dodge: Dodged            ||    23
